 Dungeon Crawl Stone Soup version 0.28.0-43-g3370ac3207 (webtiles) character file.

Game seed: 6944427310625186286

414 issech the Cudgeller (level 6, 0/62 HPs)
             Began as a Troll Monk on Apr 2, 2022.
             Killed by divine providence
             ... invoked by an orc priest
              (9 damage)
             ... on level 5 of the Dungeon.
             The game lasted 00:08:36 (3560 turns).

issech the Cudgeller (Troll Monk)                   Turns: 3560, Time: 00:08:37

Health: 0/62       AC:  4    Str: 20    XL:     6   Next: 60%
Magic:  5/5        EV: 11    Int:  6    God:
Gold:   185        SH:  0    Dex: 14    Spells: 5/5 levels left

rFire   . . .      SeeInvis .   k - +0 flail (holy)
rCold   . . .      Faith    .   (no shield)
rNeg    . . .      Spirit   .   b - +0 robe
rPois   .          Reflect  .   (helmet restricted)
rElec   .          Harm     .   (no cloak)
rCorr   .          Rampage  .   (gloves unavailable)
Will    .....                   (boots unavailable)
Stlth   ++........              (no amulet)
HPRegen 1.00/turn               (no ring)
MPRegen 0.09/turn               (no ring)

@: no status effects
A: large, unfitting armour, claws 3, regeneration 1, shaggy fur 1, tough skin 1
a: no special abilities


You were on level 5 of the Dungeon.
You visited 1 branch of the dungeon, and saw 5 of its levels.

You collected 185 gold pieces.

Inventory:

Hand Weapons
 a - a +0 mace
 j - a +0 dagger of holy wrath
 k - a +0 flail of holy wrath (weapon)
 l - a +0 hunting sling of flaming
 s - a +1 whip of draining
Missiles
 f - 130 stones (quivered)
 m - 12 arrows
 w - 26 bolts
 y - 21 sling bullets
Armour
 b - a +0 robe (worn)
Jewellery
 i - a ring of fire
 r - a ring of fire
Scrolls
 c - 4 scrolls of teleportation {unknown}
 d - 4 scrolls of identify {unknown}
 e - 3 scrolls of noise {unknown}
 o - a scroll of amnesia {unknown}
 p - a scroll of immolation {unknown}
 t - a scroll of torment {unknown}
 z - a scroll of silence {unknown}
Potions
 g - a potion of ambrosia {unknown}
 h - a potion of magic {unknown}
 n - a potion of degeneration {unknown}
 q - a potion of brilliance {unknown}
 u - 2 potions of heal wounds {unknown}
 v - a potion of resistance {unknown}
 x - a potion of attraction {unknown}


   Skills:
 + Level 3.8 Fighting
 + Level 4.9 Maces & Flails
 + Level 0.3 Throwing
 + Level 3.6 Dodging
 + Level 1.3 Stealth


You had 5 spell levels left.
You didn't know any spells.
Your spell library contained the following spells:

 Spells                   Type           Power      Damage    Failure   Level
 Ensorcelled Hibernation  Hex/Ice        0%         N/A       58%         2
 Passwall                 Tmut/Erth      0%         N/A       58%         2
 Swiftness                Air            0%         N/A       83%         3


Dungeon Overview and Level Annotations

Branches:
Dungeon (5/15)
 Temple: D:4-7

Altars:
Makhleb


Innate Abilities, Weirdness & Mutations

You are too large for most types of armour.
You have claws for hands.
Your natural rate of healing is unusually fast.
You are covered in fur. (AC +1)
You have tough skin. (AC +1)


Message History

The orc priest closely misses you.
You barely miss the orc priest.
The orc priest is moderately wounded.
The orc priest hits you with a +0 short sword.
You thump the orc priest!
The orc priest is severely wounded.
An ice beast comes into view.
The orc priest mumbles some strange prayers to Beogh against you.
Pain shoots through your body! The orc barely misses you.
You sock the orc priest!
You kill the orc priest!
The orc barely misses you.
Your life force feels restored.
A hound comes into view.
The orc closely misses you.
The orc priest calls down the wrath of Beogh upon you.
Beogh smites you!
Things that are here:
a +0 short sword; a fizzy black potion; an orc corpse You hit the orc.
You claw the orc.
You kill the orc!
The orc priest invokes the aid of Beogh against you.
Beogh smites you!
The orc priest invokes the aid of Beogh against you.
Beogh smites you! The ice beast hits you. The ice beast freezes you!
* * * LOW HITPOINT WARNING * * *
Things that are here:
a +0 trident; 6 boomerangs; a +0 leather armour You sock the orc priest!
Your claw misses the orc priest.
The orc priest is almost dead.
The ice beast hits you but does no damage.
The orc priest calls down the wrath of Beogh upon you.
Pain shoots through your body!
* * * LOW HITPOINT WARNING * * *
Things that are here:
a +0 short sword; a fizzy black potion; an orc corpse The orc priest looks braver for a moment.
The orc priest mumbles some strange prayers to Beogh against you.
Beogh smites you!
You die...

#... #####... .... ..#
######. ........ .......
...#.###....... ..>..
.......
#############.###.......
#........@Y.h.o)).......
##.#####...##.###.......
#.# #...'..# ....... #.#
#...#### ####### #.#
#...# #.# #...# #.#
##.## #.# #.. .... #.#
####....


You could see an ice beast, a hound and an orc priest.

Vanquished Creatures
  Sigmund (D:2)
  2 hounds (D:4)
  An orc priest (D:5)
  An iguana (D:3)
  4 gnolls (D:2)
  2 adders
  2 worms (D:2)
  A dart slug (D:4)
  2 orcs
  10 ball pythons
  5 bats
  7 endoplasms
  A giant cockroach (D:2)
  11 goblins
  9 hobgoblins
  A jackal (D:2)
  A frilled lizard (D:2)
  5 kobolds
  3 rats (D:1)
69 creatures vanquished.

Vanquished Creatures (others)
  20 plants (D:3)
20 creatures vanquished.

Grand Total: 89 creatures vanquished

Notes
Turn   | Place    | Note
-------+----------+-------------------------------------------
     0 | D:1      | issech the Troll Monk began the quest for the Orb.
     0 | D:1      | Reached XP level 1. HP: 22/22 MP: 0/0
    96 | D:1      | Found a faded altar of an unknown god.
   192 | D:1      | Reached XP level 2. HP: 29/29 MP: 1/1
   719 | D:2      | Reached skill level 3 in Maces & Flails
   874 | D:2      | Reached XP level 3. HP: 34/36 MP: 2/2
   961 | D:2      | Reached XP level 4. HP: 13/44 MP: 3/3
  1013 | D:2      | Found a burning altar of Makhleb.
  1304 | D:2      | Noticed Sigmund
  1400 | D:2      | Killed Sigmund
  1401 | D:2      | Reached skill level 4 in Maces & Flails
  1401 | D:2      | Reached XP level 5. HP: 32/53 MP: 4/4
  1823 | D:3      | Reached XP level 6. HP: 45/61 MP: 5/5
  3501 | D:5      | Entered Level 5 of the Dungeon
  3548 | D:5      | Noticed an ice beast
  3553 | D:5      | HP: 2/62 [orc priest/nerve-wracking pain (11)]
  3560 | D:5      | Killed from afar by an orc priest

Illustrated notes

Levels and vault maps discovered:
D:1:      dpeg_arrival_stonehenge_12_columns, layout_basic,
          hellmonk_ecumenical_altar_arch_garden
D:2:      layout_basic, basic_altar, minmay_fractal_squares_gapless_5,
          uniq_sigmund
D:3:      layout_basic, chequers_serial_rivers_large_b, kennysheep_boxes
D:4:      cheibrodos_greedy_goblins, layout_loops_ring, minmay_fountain_box
D:5:      layout_basic, ebering_ghost_sewer_d, minmay_misc_feat_five,
          uniq_menkaure, uniq_edmund

Skill      XL: |  1  2  3  4 |
---------------+-------------+-----
Maces & Flails | 3 4 |  4.9
Dodging        | 3 |  3.6
Fighting       | 3 |  3.8
Throwing       | |  0.3
Stealth        | |  1.3

Action                   |  1- 3 |  4- 6 || total
-------------------------+-------+-------++-------
Melee: Mace              |    87 |       ||    87
       Punch             |     2 |     1 ||     3
       Flail             |       |   147 ||   147
Throw: Stone             |    10 |     7 ||    17
 Stab: Sleeping          |     2 |     1 ||     3
Armor: Robe              |    32 |    61 ||    93
Dodge: Dodged            |    64 |    83 ||   147
